 Dungeon Crawl Stone Soup version 0.29.1-1-gd02db6906a (webtiles) character file.

Game seed: 6739418094301757645

130 porpoise the Trooper (level 5, -4/43 HPs)
             Began as a Formicid Abyssal Knight on Oct 19, 2022.
             Was a Priest of Lugonu.
             Killed by divine providence
             ... invoked by an orc priest
              (11 damage)
             ... on level 3 of the Dungeon.
             The game lasted 00:06:37 (2508 turns).

porpoise the Trooper (Formicid Abyssal Knight)      Turns: 2508, Time: 00:06:38

Health: -4/43      AC:  5    Str: 19    XL:     5   Next: 36%
Magic:  6/6        EV: 10    Int: 10    God:    Lugonu [***...]
Gold:   159        SH:  0    Dex: 14    Spells: 4/4 levels left

rFire   . . .      SeeInvis +   a - +1 hand axe
rCold   . . .      Faith    .   (no shield)
rNeg    . . .      Spirit   .   c - +0 ring mail
rPois   .          Reflect  .   (helmet unavailable)
rElec   .          Harm     .   (no cloak)
rCorr   .          Rampage  .   (no gloves)
Will    .....                   (no boots)
Stlth   +.........              (no amulet)
HPRegen 0.14/turn               (no ring)
MPRegen 0.10/turn               (no ring)

@: no status effects
A: permanent stasis, dig shafts and tunnels, antennae 3, four strong arms
a: Dig, Shaft Self, Renounce Religion, Depart the Abyss, Bend Space, Banish


You were on level 3 of the Dungeon.
You worshipped Lugonu.
Lugonu was most pleased with you.
You visited 1 branch of the dungeon, and saw 3 of its levels.
You visited the Abyss 1 time.

You collected 159 gold pieces.

Inventory:

Hand Weapons
 a - a +1 hand axe (weapon)
 b - a +0 sling
Missiles
 p - 6 poisoned darts
Armour
 c - a +0 ring mail (worn)
Scrolls
 e - a scroll of poison {unknown}
 f - a scroll of vulnerability {unknown}
 j - a scroll of immolation {unknown}
 k - a scroll of noise {unknown}
 n - 2 scrolls of identify {unknown}
 q - a scroll of enchant weapon {unknown}
Potions
 d - a potion of heal wounds
 g - a potion of curing {unknown}
 h - a potion of lignification {unknown}
 i - 3 potions of mutation {unknown}
 l - a potion of brilliance {unknown}
 m - 3 potions of degeneration {unknown}
 o - 2 potions of might {unknown}


   Skills:
 + Level 4.4 Fighting
 * Level 4.3 Axes
 - Level 2.1 Armour
 - Level 0.8 Dodging
 - Level 2.1 Invocations


You had 4 spell levels left.
You didn't know any spells.
Your spell library was empty.

Dungeon Overview and Level Annotations

Branches:
Dungeon (3/15)

Altars:
Fedhas

Shops:
D:3 =


Innate Abilities, Weirdness & Mutations

You cannot be hasted, slowed, berserked, paralysed or teleported.
You can dig through walls and to a lower floor.
You have a pair of large antennae on your head. (SInv)
Your four strong arms can wield two-handed weapons with a shield.


Message History

The orc is severely wounded.
You hit the orc. The orc closely misses you. The orc completely misses you.
You hit the orc. You punch the orc.
You kill the orc!
Lugonu accepts your kill.
You hit the orc.
The orc priest invokes the aid of Beogh against you.
Pain shoots through your body! The orc completely misses you.
You slash the orc!
You kill the orc!
Lugonu accepts your kill.
A quokka comes into view.
Things that are here:
a +0 club; a +0 club; a +0 ring mail The orc priest closely misses you.
You hit the orc priest but do no damage.
The orc priest barely misses you.
You hit the orc priest but do no damage.
The orc priest hits you with a +0 hand axe.
You hit the orc priest.
The orc priest is lightly wounded.
The orc priest hits you with a +0 hand axe.
You closely miss the orc priest.
The orc priest is lightly wounded.
You closely miss the quokka. The quokka bites you.
* * * LOW HITPOINT WARNING * * *
The orc priest closely misses you.
You barely miss the orc priest.
The orc priest is lightly wounded.
You hit the quokka. The quokka bites you.
* * * LOW HITPOINT WARNING * * *
The orc priest hits you with a +0 hand axe.
* * * LOW HITPOINT WARNING * * *
The quokka completely misses you.
You hit the orc priest but do no damage.
The orc priest is lightly wounded.
You closely miss the quokka.
The orc priest calls down the wrath of Beogh upon you.
Beogh smites you!
You die...

#..........##
##..........########
##........#........#
#..........#######.#
###..........# #.#
#............# #..
#............# ##.
#...)).......# ##
####.@......# ###
#.or....## ##..
#.......# ##...
#......).# #....
.......... ......
#.......... #.....
#.......... ##....
#.......... #....
......


You could see an orc priest and a quokka.

Vanquished Creatures
  An orc priest (D:3)
  2 adders (D:2)
  A worm (D:2)
  A dart slug (D:1)
  7 orcs (D:3)
  2 ball pythons
  6 endoplasms
  3 giant cockroaches
  8 goblins
  5 hobgoblins
  8 jackals
  6 kobolds
  A quokka (D:2)
  5 bats
  3 frilled lizards
  6 rats
65 creatures vanquished.

Vanquished Creatures (others)
  3 fungi (D:3)
3 creatures vanquished.

Grand Total: 68 creatures vanquished

Notes
Turn   | Place    | Note
-------+----------+-------------------------------------------
     0 | Abyss:1  | porpoise the Formicid Abyssal Knight began the quest for
                  | the Orb.
     0 | Abyss:1  | Reached XP level 1. HP: 18/18 MP: 2/2
     1 | D:1      | Escaped the Abyss
   166 | D:1      | Reached XP level 2. HP: 12/24 MP: 3/3
   510 | D:1      | Reached XP level 3. HP: 23/30 MP: 4/4
   700 | D:1      | Reached *** piety under Lugonu
  1350 | D:2      | Reached XP level 4. HP: 13/37 MP: 5/5
  1979 | D:3      | Found Vate's Jewellery Emporium.
  2067 | D:3      | Reached XP level 5. HP: 24/43 MP: 6/6
  2239 | D:3      | Found a blossoming altar of Fedhas.
  2508 | D:3      | Killed from afar by an orc priest

Illustrated notes

Levels and vault maps discovered:
D:1:      ncdulo_smallfort, layout_basic, serial_curves, eino_curves_02,
          eino_curves_02, eino_curves_01, eino_curves_02
D:2:      layout_rooms
D:3:      layout_rooms, fedhas_altar_3, serial_shops, shop

Skill      XL: |  1  2  3  4 |
---------------+-------------+-----
Axes           | 3 4 |  4.3
Fighting       | 4 |  4.4
Armour         | |  2.1
Dodging        | |  0.8
Invocations    | |  2.1

Action                   |  1- 3 |  4- 6 || total
-------------------------+-------+-------++-------
Melee: Hand axe          |   121 |    84 ||   205
       Punch             |     4 |     1 ||     5
  Use: Potion            |       |     1 ||     1
Armor: Ring mail         |    52 |    19 ||    71
Dodge: Dodged            |    75 |    34 ||   109
